 Dungeon Crawl Stone Soup version 0.20.0-8-g6b59dc7 (webtiles) character file.

256 Angani the Poker (level 6, 0/41 HPs)
             Began as a Merfolk Air Elementalist on May 31, 2017.
             Was a Follower of Yredelemnul.
             Killed from afar by Ijyb (13 damage)
             ... with a wand of acid (?/15)
             ... on level 4 of the Dungeon.
             The game lasted 00:08:55 (4555 turns).

Angani the Poker (Merfolk Air Elementalist)         Turns: 4555, Time: 00:08:56

Health: 0/41       AC:  4    Str:  8    XL:     6   Next: 16%
Magic:  9/9        EV: 14    Int: 16    God:    Yredelemnul [*.....]
Gold:   196        SH:  0    Dex: 15    Spells: 5/9 levels left

rFire    + . .     SeeInvis .   j - +0 spear
rCold    . . .     Gourm    .   (no shield)
rNeg     . . .     Faith    .   q - +0 leather armour {rF+}
rPois    .         Spirit   .   (no helmet)
rElec    .         Reflect  .   (no cloak)
rCorr    .         Harm     .   (no gloves)
MR       .....                  a - +0 pair of boots
Stlth    ++........             (no amulet)
Regen    0.2/turn               (no ring)
MPRegen  0.2/turn               (no ring)

@: no status effects
A: change form in water, swift swim, stealthy swim
a: Animate Remains, Renounce Religion


You were on level 4 of the Dungeon.
You worshipped Yredelemnul.
Yredelemnul was aware of your devotion.
You were not hungry.

You visited 1 branch of the dungeon, and saw 4 of its levels.

You collected 196 gold pieces.

Inventory:

Hand Weapons
 j - a +0 spear (weapon)
Armour
 a - a +0 pair of boots (worn)
 q - a +0 leather armour of fire resistance (worn)
Jewellery
 n - an uncursed ring of fire
Scrolls
 f - 2 scrolls of remove curse
 h - a scroll of teleportation {unknown}
 i - a scroll of enchant weapon {unknown}
 k - a scroll of immolation {unknown}
 l - a scroll of identify {unknown}
Potions
 d - a potion of mutation {unknown}
 e - 2 potions of curing
 o - a potion of might {unknown}
Books
 b - a book of Air

   Spells                             Type                      Level
   a - Shock                          Conjuration/Air              1
   b - Swiftness                      Charms/Air                   2
   c - Static Discharge               Conjuration/Air              3
   d - Airstrike                      Air                          4
   e - Lightning Bolt                 Conjuration/Air              5
Comestibles
 c - a bread ration
 g - 3 meat rations
 m - 5 chunks of flesh
 p - a royal jelly


   Skills:
 * Level 6.0 Polearms
 - Level 5.4 Dodging
 - Level 2.1 Stealth
 - Level 2.0 Spellcasting
 + Level 1.5 Conjurations
 - Level 2.4 Air Magic


You had 5 spell levels left.
You knew the following spells:

 Your Spells              Type           Power        Failure   Level  Hunger
a - Shock                 Conj/Air       #...         13%         1    #......
b - Static Discharge      Conj/Air       #.......     36%         3    ###....


Dungeon Overview and Level Annotations

Branches:
Dungeon (4/15)
 Temple: D:4-7

Altars:
Hepliaklqana
Ru
Yredelemnul
The Shining One

Annotations:
D:3 Gargoyl's ghost, amateur DrAK
D:4 Ijyb


Message History

You reach to attack!
The helpless frilled lizard fails to defend itself.
You hit the frilled lizard.
You kill the frilled lizard!
Yredelemnul accepts your kill.
No target in view!
An ooze comes into view.
Found a stone staircase leading down.
Ijyb the Twisted Goblin comes into view.
She is wielding a dagger of flaming.
Ijyb shouts!
The ooze quivers.
Ijyb zaps a wand.
The bolt of acid hits you!
You are splashed with acid!
The acid burns!
* * * LOW HITPOINT WARNING * * *
It is a wand of acid (?/15).
Found 10 gold pieces.
Ijyb zaps a wand.
The bolt of acid hits the ooze.
The ooze completely resists.
The bolt of acid hits you!
You die...
Your body rises from the dead as a mindless zombie.

###
################.#
#.................
#.##############.#
#.#....<.........#
#@#.###+##########
#.#.......
#J#g.....$
######.#.......
...>....g.......
...##...........
#...........
#.....#.#...
#.....#.# ..


You could see Ijyb and an ooze.

Vanquished Creatures
  A hound (D:3)
  An orc wizard (D:3)
  A worker ant (D:2)
  8 adders
  3 worms (D:3)
  A dart slug (D:3)
  3 leopard geckos
  4 orcs (D:3)
  9 bats
  4 giant cockroaches
  3 goblins
  5 hobgoblins
  10 jackals
  A ball python (D:3)
  8 frilled lizards
  6 kobolds
  9 rats
77 creatures vanquished.

Vanquished Creatures (others)
  An orc wizard (D:3)
1 creature vanquished.

Grand Total: 78 creatures vanquished

Notes
Turn   | Place    | Note
-------+----------+-------------------------------------------
     0 | D:1      | Angani the Merfolk Air Elementalist began the quest for the Orb.
     0 | D:1      | Reached XP level 1. HP: 13/13 MP: 3/3
   433 | D:1      | Reached XP level 2. HP: 19/19 MP: 3/5
  1293 | D:1      | Reached XP level 3. HP: 24/24 MP: 2/6
  1415 | D:1      | Learned a level 3 spell: Static Discharge
  1638 | D:2      | Reached skill level 5 in Dodging
  1974 | D:2      | Reached XP level 4. HP: 30/30 MP: 7/7
  1993 | D:2      | Reached skill level 1 in Polearms
  2067 | D:2      | Found a basalt altar of Yredelemnul.
  2078 | D:2      | Became a worshipper of Yredelemnul the Dark
  2190 | D:2      | Reached skill level 2 in Polearms
  2369 | D:2      | Found a faded altar of an unknown god.
  2486 | D:2      | Reached skill level 3 in Polearms
  3142 | D:3      | Noticed Gargoyl's ghost (amateur DrAK)
  3151 | D:3      | Reached XP level 5. HP: 29/35 MP: 1/8
  3153 | D:3      | Reached skill level 4 in Polearms
  3394 | D:3      | Reached skill level 5 in Polearms
  3497 | D:3      | Reached skill level 1 in Conjurations
  3644 | D:3      | Reached * piety under Yredelemnul
  4111 | D:3      | Reached XP level 6. HP: 37/41 MP: 9/9
  4148 | D:3      | Found a sacrificial altar of Ru.
  4149 | D:3      | Found a glowing golden altar of the Shining One.
  4238 | D:3      | Reached skill level 6 in Polearms
  4455 | D:3      | Found a hazy altar of Hepliaklqana.
  4475 | D:3      | Found a basalt altar of Yredelemnul.
  4551 | D:4      | Noticed Ijyb
  4555 | D:4      | Killed from afar by Ijyb

Skill      XL: |  1  2  3  4  5  6 |
---------------+-------------------+-----
Dodging        | 3 4 5 |  5.4
Polearms       | 3 5 6 |  6.0
Conjurations   | 1 |  1.5
Stealth        | |  2.1
Spellcasting   | |  2.0
Air Magic      | |  2.4

Action                   |  1- 3 |  4- 6 || total
-------------------------+-------+-------++-------
Melee: Unarmed           |    50 |       ||    50
       Spear             |    16 |   225 ||   241
 Cast: Shock             |    49 |    16 ||    65
       Static Discharge  |     3 |    10 ||    13
  Use: Potion            |       |     1 ||     1
       Scroll            |       |     1 ||     1
 Stab: Sleeping          |     4 |    13 ||    17
  Eat: Chunk             |     5 |     8 ||    13
       Royal jelly       |       |     1 ||     1
Armor: Robe              |    13 |     7 ||    20
       Leather armour    |       |    29 ||    29
Dodge: Dodged            |    71 |   136 ||   207
